 Dungeon Crawl Stone Soup version 0.31.0-9-g3a7656b989 (webtiles) character file.

Game seed: 105048118293190906

51 qw the Shooter (level 3, 0/18 HPs)
             Began as a Spriggan Hunter on Feb 2, 2024.
             Succumbed to their own poison gas
             ... on level 2 of the Dungeon.
             The game lasted 00:00:04 (1470 turns).

qw the Shooter (Spriggan Hunter)                    Turns: 1470, Time: 00:00:04

Health: 0/18       AC:  2    Str:  7    XL:     3   Next: 57%
Magic:  4/4        EV: 19    Int: 10    God:
Gold:   122        SH:  0    Dex: 20    Spells: 2/2 levels left

rFire   . . .        a - +0 shortbow
rCold   . . .        (shield currently unavailable)
rNeg    . . .        c - +0 robe
rPois   .            (helmet restricted)
rElec   .            (no cloak)
rCorr   .            (gloves unavailable)
SInv    +            (boots unavailable)
Will    +....        (no amulet)
Stlth   ++           (no ring)
HPRegen 0.23/turn    (no ring)
MPRegen 0.09/turn

%: no passive effects
@: lethally poisoned (0 -> -8), enlightened, flying, very quick
A: very small, no large weapons, unfitting armour, see invisible, speed 3
a: no special abilities


You were on level 2 of the Dungeon.
You visited 1 branch of the dungeon, and saw 2 of its levels.

You collected 122 gold pieces.


Innate Abilities, Weirdness & Mutations

You are very small and have problems with some larger weapons.
You are too small for most types of armour.
You have supernaturally acute eyesight. (SInv)
You cover ground extremely quickly. (Speed+++)


   Skills:
 - Level 1.5 Fighting
 + Level 4.8 Ranged Weapons
 - Level 4.0 Dodging
 - Level 1.5 Stealth


You had 2 spell levels left.
You didn't know any spells.
Your spell library was empty.

Inventory:

Hand Weapons
 a - a +0 shortbow (weapon)
Armour
 c - a +0 robe (worn)
Potions
 b - 2 potions of heal wounds
 g - a potion of enlightenment

Dungeon Overview and Level Annotations

Branches:
Dungeon (2/15)

Altars:


Message History

Done exploring.
1462 ||| READING scroll labelled EGEAPN TAEPN.
As you read the scroll labelled EGEAPN TAEPN, it crumbles to dust.
It is a scroll of identify.
1462 ||| IDENTIFYING cyan potion;
f - a potion of degeneration Done exploring.
1463 ||| DRINKING 3 purple potions.
It was a potion of heal wounds.
You feel much better.
Done exploring.
1464 ||| DRINKING 2 metallic dark potions.
It was a potion of enlightenment.
You feel very buoyant.
You fly up into the air.
Done exploring.
1465 ||| DROPPING potion of degeneration.
You drop a potion of degeneration.
Done exploring.
What level of the Dungeon? (default 2, ? - help) Sorry, I don't know how to get there.
Enter note:
Enter note:
Enter note:
Enter note:
Enter note:
Enter note:
Enter note:
Enter note:
Enter note: You are engulfed in poison gas.
You are lethally poisoned!
You feel very sick.
1467 ||| Stepping ~*~*~tactically~*~*~ (cloud).
You feel very sick.
You see here a potion of degeneration.
There is a lethal amount of poison in your body!
You feel very sick.
There is a lethal amount of poison in your body!
You feel very sick.
There is a lethal amount of poison in your body!
You die...

####
...###########
.#...........#
.>.#########.#
#..# #.#
...#########¤#####
##..........#000@#
#........##¤###¤#
#........##.# #0#
#...........###¤#
###)......#.....0#
###%......#.###.¤#
.....%.......)..0#
####.#.#........0#
# #.#.#.........#


There were no monsters in sight!

Vanquished Creatures
  A dart slug (D:1)
  8 bats
  5 endoplasms
  A giant cockroach (D:2)
  3 hobgoblins
  3 jackals (D:2)
  2 kobolds
  A quokka (D:1)
  3 ball pythons (D:1)
  4 frilled lizards
  7 goblins
  4 rats
42 creatures vanquished.

Notes
Turn   | Place    | Note
-------+----------+-------------------------------------------
     0 | D:1      | qw the Spriggan Hunter began the quest for the Orb.
     0 | D:1      | Reached XP level 1. HP: 10/10 MP: 2/2
     0 | D:1      | 0 ||| qw: Version: 0.3-a-155-g5e7d8dd
     0 | D:1      | 0 ||| qw: Game counter: 784
     0 | D:1      | 0 ||| qw: Melee chars always use a shield: true
     0 | D:1      | 0 ||| qw: God list: Okawaru
     0 | D:1      | 0 ||| qw: Allow faded altars: false
     0 | D:1      | 0 ||| qw: Do Orc after clearing Dungeon:15 true
     0 | D:1      | 0 ||| qw: Do second Lair branch before Depths: true
     0 | D:1      | 0 ||| qw: Lair rune preference: random
     0 | D:1      | 0 ||| qw: Goals: Normal
     0 | D:1      | 0 ||| PLANNING D:1-11
    89 | D:1      | Reached skill level 3 in Dodging
   212 | D:1      | Reached XP level 2. HP: 14/14 MP: 3/3
   906 | D:1      | 906 ||| READING scroll labelled CYGIUFEMAU.
   907 | D:1      | 907 ||| DRINKING 2 pink potions.
   913 | D:1      | 913 ||| DROPPING scroll of butterflies.
   914 | D:1      | 914 ||| DROPPING potion of ambrosia.
   939 | D:2      | Reached XP level 3. HP: 18/18 MP: 4/4
  1257 | D:2      | 1257 ||| FLEEEEING.
  1264 | D:2      | 1264 ||| FLEEEEING.
  1460 | D:2      | 1460 ||| READING scroll labelled WEXZAH NEVUAK.
  1460 | D:2      | 1460 ||| ENCHANTING +0 shortbow.
  1461 | D:2      | 1461 ||| READING scroll labelled HIAD USEINO.
  1462 | D:2      | 1462 ||| READING scroll labelled EGEAPN TAEPN.
  1462 | D:2      | 1462 ||| IDENTIFYING cyan potion
  1463 | D:2      | 1463 ||| DRINKING 3 purple potions.
  1464 | D:2      | 1464 ||| DRINKING 2 metallic dark potions.
  1465 | D:2      | 1465 ||| DROPPING potion of degeneration.
  1467 | D:2      | 1467 ||| Stepping ~*~*~tactically~*~*~ (cloud).
  1469 | D:2      | HP: 2/18 [poisoned by you (poison gas)]
  1470 | D:2      | Succumbed to their own poison gas

Levels and vault maps discovered:
D:1:      elethiomel_arrival_quiet, layout_basic, chequers_hall_statues_y
D:2:      layout_loops_ring

Skill      XL: |  1  2 |
---------------+-------+-----
Dodging        | 3 4 |  4.0
Fighting       | |  1.5
Ranged Weapons | |  4.8
Stealth        | |  1.5

Action                     || total
---------------------------++-------
   Fire: Shortbow          ||    86
    Use: Scroll            ||     4
         Potion            ||     3
 Armour: Robe              ||     9
  Dodge: Dodged            ||    20

Table legend:
 A = Non-vault XP
 B = Vault XP
 C = Vault XP percentage of total XP
 D = Non-vault monster count
 E = Vault monster count
 F = Vault count percentage of total count
                 A         B        C        D         E       F
            +---------+---------+-------+---------+---------+-------
      Total |      73 |       0 |   0.0 |      42 |       0 |   0.0
            +---------+---------+-------+---------+---------+-------
        D:1 |      36 |       0 |   0.0 |      21 |       0 |   0.0
        D:2 |      37 |       0 |   0.0 |      21 |       0 |   0.0
            +---------+---------+-------+---------+---------+-------
